 Dungeon Crawl Stone Soup version 0.27.1-4-g1640c2035a (webtiles) character file.

Game seed: 8763091850496121771

35098 Nixze the Destroyer (level 13, -21/88 HPs)
             Began as an Octopode Conjurer on Nov 14, 2021.
             Was an Elder of Sif Muna.
             Demolished by an entropy weaver simulacrum (38 damage)
             ... in an ice cave.
             The game lasted 01:20:08 (30719 turns).

Nixze the Destroyer (Octopode Conjurer)            Turns: 30719, Time: 01:20:09

Health: -21/88     AC:  1    Str: 14    XL:     13   Next: 81%
Magic:  21/27      EV: 15    Int: 30    God:    Sif Muna [****..]
Gold:   1206       SH: 10    Dex: 10    Spells: 3/33 levels left

rFire    . . .     SeeInvis .   a - +3 whip (venom)
rCold    . . .     Faith    .   U - +0 buckler
rNeg     + . .     Spirit   .   (helmet restricted)
rPois    .         Reflect  +   e - amulet of reflection
rElec    .         Harm     .   j - +6 ring of strength
rCorr    .         Rampage  .   E - +6 ring of intelligence
Will     .....                  H - ring of positive energy
Stlth    ++++......             (no ring)
HPRegen  0.24/turn              (no ring)
MPRegen  0.20/turn              (no ring)
                                (no ring)
                                (no ring)

@: no status effects
A: almost no armour, amphibious, 8 rings, camouflage 1, gelatinous body 1,
(nimble swimmer 1), tentacles
a: Renounce Religion, Channel Magic, Forget Spell, Divine Exegesis


You were in an ice cave.
You worshipped Sif Muna.
Sif Muna was greatly pleased with you.
You visited 3 branches of the dungeon, and saw 16 of its levels.
You also visited: Sewer and Ice Cave.

You collected 1365 gold pieces.
You spent 159 gold pieces at shops.

Inventory:

Hand Weapons
 a - a +3 whip of venom (weapon)
 b - a +0 hand crossbow of freezing
 n - a +2 executioner's axe of freezing
Missiles
 r - 26 poisoned darts
 u - 12 atropa-tipped darts (quivered)
 w - 40 bolts
 D - 5 curare-tipped darts
Armour
 z - a +0 kite shield
 U - a +0 buckler (worn)
Magical Staves
 O - a staff of death
Jewellery
 e - an amulet of reflection (around mantle)
 j - a +6 ring of strength (left tentacle)
 E - a +6 ring of intelligence (right tentacle)
 H - a ring of positive energy (on tentacle)
 K - a ring of fire
 M - a ring of fire
 V - a ring of fire
 X - an amulet of the acrobat
Wands
 d - a wand of flame (28)
 o - a wand of charming (20)
 F - a wand of mindburst (13)
 J - a wand of acid (4)
 L - a wand of paralysis (4)
Scrolls
 c - 5 scrolls of fog
 f - a scroll of amnesia
 k - 2 scrolls of identify
 l - a scroll of holy word
 p - 8 scrolls of teleportation
 s - a scroll of fear {unknown}
 x - a scroll of summoning {unknown}
 C - 5 scrolls of enchant weapon
 G - a scroll of enchant armour {unknown}
 I - 3 scrolls of blinking
 Q - 2 scrolls of torment {unknown}
 R - a scroll of silence {unknown}
Potions
 g - a potion of cancellation
 h - 3 potions of flight
 i - 4 potions of might
 m - 5 potions of haste
 q - 6 potions of heal wounds
 t - 3 potions of lignification
 v - 8 potions of curing
 A - 4 potions of brilliance
 B - 4 potions of attraction
 P - 2 potions of mutation
 S - a potion of degeneration
 T - a potion of resistance
 W - a potion of invisibility
Miscellaneous
 y - a piece from Xom's chessboard (15/15)
 N - a phantom mirror


   Skills:
 - Level 8.0 Fighting
 - Level 7.0 Dodging
 - Level 5.0 Stealth
 - Level 5.0 Shields
 + Level 10.6 Spellcasting
 + Level 11.0 Conjurations
 - Level 5.0 Translocations
 - Level 8.0 Fire Magic
 - Level 8.0 Earth Magic
 + Level 1.3 Invocations
 - Level 5.0 Evocations


You had 3 spell levels left.
You knew the following spells:

 Your Spells              Type           Power      Damage    Failure   Level
a - Magic Dart            Conj           100%       1d8       1%          1
b - Searing Ray           Conj           100%       3d7       1%          2
c - Fulminant Prism       Conj/Hex       24%        3d13      3%          4
d - Iskenderun's Mystic   Conj/Tloc      59%        2d12      1%          4
e - Mephitic Cloud        Conj/Pois/Air  38%        N/A       2%          3
f - Bolt of Magma         Conj/Fire/Erth 31%        4d14      2%          5
g - Passage of Golubria   Tloc           N/A        N/A       4%          4
h - Orb of Destruction    Conj           35%        9d13      30%         7

Your spell library contained the following spells:

 Spells                   Type           Power      Damage    Failure   Level
 Dazzling Flash           Conj/Hex       98%        N/A       1%          3
 Animate Skeleton         Necr           30%        N/A       3%          1
 Pain                     Necr           60%        1d7       3%          1
 Summon Small Mammal      Summ           60%        N/A       3%          1
 Portal Projectile        Hex/Tloc       60%        N/A       3%          3
 Call Imp                 Summ           15%        N/A       4%          2
 Call Canine Familiar     Summ           15%        N/A       10%         3
 Summon Guardian Golem    Hex/Summ       15%        N/A       10%         3
 Tukima's Dance           Hex            15%        N/A       10%         3
 Vampiric Draining        Necr           7%         2d7       10%         3
 Olgreb's Toxic Radiance  Pois           15%        N/A       32%         4
 Blade Hands              Tmut           7%         N/A       67%         5
 Excruciating Wounds      Necr           7%         N/A       67%         5
 Yara's Violent Unravell  Hex/Tmut       7%         3d5       67%         5
 Spellforged Servitor     Conj/Summ      24%        N/A       96%         7
 Animate Armour           Summ/Erth      Unusable   N/A       N/A         4

Dungeon Overview and Level Annotations

Branches:
Dungeon (11/15)            Temple (0/1) D:7            Lair (4/6) D:11
  Swamp (0/4) Lair:2          Orc (1/2) D:10          Sewer (visited)
  IceCv (1/1)
  Snake: Lair:2-4    Spider: Lair:2-4

Altars:
Cheibriados
Gozag
Makhleb
Nemelex Xobeh
Sif Muna
Trog
Xom
Yredelemnul
Zin
The Shining One

Shops:
D:1 ?   D:9 ?   D:10 ?

Annotations:
D:11 1 runed translucent door, TangoThomas's ghost, journeyman DrAK
Lair:4 Nessos


Innate Abilities, Weirdness & Mutations

You cannot wear most types of armour.
You are amphibious.
You can wear up to eight rings at the same time.
Your skin changes colour to match your surroundings (Stealth+).
Your rubbery body absorbs attacks. (AC +1, EV +1)
((You are camouflaged near water. (Stealth+)))
You have tentacles for arms and can constrict up to eight enemies at once.


Message History

There is an open door here.
You see here a +2 executioner's axe of freezing.
n - a +2 executioner's axe of freezing
There is an open door here.
There is an open door here.
You open the door.
There is an open door here.
There is an open door here.
There is an open door here.
You open the door.
An entropy weaver simulacrum comes into view.
Casting: Bolt of Magma (dangerous; 2% risk of failure)
Confirm with . or Enter, or press ? or * to list all spells.
Aiming: Magic Dart (safe; 1% risk of failure)
Press: ? - help, Shift-Dir - straight line, f - entropy weaver simulacrum
Aim: an entropy weaver simulacrum (dormant, 100% to hit)
The magic dart hits the entropy weaver simulacrum.
The entropy weaver simulacrum is lightly damaged.
Casting: Magic Dart (safe; 1% risk of failure)
Confirm with . or Enter, or press ? or * to list all spells.
You don't know that spell.
Unknown command.
Casting: Magic Dart (safe; 1% risk of failure)
Confirm with . or Enter, or press ? or * to list all spells.
Aiming: Bolt of Magma (dangerous; 2% risk of failure)
Press: ? - help, Shift-Dir - straight line, f/p - entropy weaver simulacrum
Aim: an entropy weaver simulacrum (lightly damaged, 79% to hit)
The bolt of magma hits the entropy weaver simulacrum!!
The entropy weaver simulacrum melts!
The entropy weaver simulacrum is almost destroyed.
You block the entropy weaver simulacrum's attack.
The entropy weaver simulacrum hits you!
The entropy weaver simulacrum freezes you!!
You block the entropy weaver simulacrum's attack.
The entropy weaver simulacrum hits you.
The entropy weaver simulacrum freezes you!!
The entropy weaver simulacrum hits you!
* * * LOW HITPOINT WARNING * * *
The entropy weaver simulacrum freezes you!!!
You die...

..####...#.#.#.#.#
..#.⌠#.###'#'#.#'#+#.8#
..#..'.#.'.........#..
..########.8.8.8.8.#.#
....#..............#.#
....'..............'.#
....#..............#.#
..########.8.8.8.8.#.#####.#
..#..'.#.'......@..#.......#
..#.⌠#.###'#'#.#Z#+#.8######
..####...#.#.#.#.# #.## ...#
###.#####'#####.# .###
#.'.........'.# ##
###############


You could see an entropy weaver simulacrum.

Vanquished Creatures
  6 hydras
  4 two-headed ogres
  2 death yaks (Lair:4)
  A bog body (Lair:2)
  4 oklob plants
  A cyclops (D:11)
  An ugly thing (D:11)
  2 ice statues (IceCv)
  3 black mambas (Lair:1)
  6 cane toads
  A torpor snail (Lair:4)
  An unseen horror (D:11)
  6 ice devils (IceCv)
  5 entropy weaver simulacra (IceCv)
  5 rime drakes
  A freezing wraith (IceCv)
  8 komodo dragons
  3 trolls
  Prince Ribbit (D:6)
  A meliai zombie (D:6)
  A polar bear (Lair:2)
  7 blink frogs
  6 spriggans
  A wyvern (Lair:1)
  A water elemental (D:11)
  2 wraiths
  12 yaks
  A basilisk (Lair:2)
  3 swamp worms (Lair:2)
  A warg (Orc:1)
  A harpy simulacrum (IceCv)
  An acid dragon (D:9)
  9 water moccasins
  3 sky beasts
  10 orc warriors
  2 hornet zombies
  3 black bears
  A necrophage (D:8)
  4 ogres
  5 wolves (Lair:2)
  6 centaurs
  A phantom (D:4)
  8 bullfrogs
  A gnoll sergeant (D:6)
  4 scorpions
  2 two-headed ogre simulacra (IceCv)
  A water moccasin zombie (D:7)
  6 killer bees (D:9)
  6 wights
  4 electric eels
  4 howler monkeys
  5 centaur zombies
  A bullfrog zombie (D:6)
  3 hounds
  10 orc priests
  2 gnoll shamans (D:4)
  A centaur skeleton (D:4)
  2 bullfrog skeletons
  2 iguanas
  8 orc wizards
  A spriggan simulacrum (IceCv)
  A troll simulacrum (IceCv)
  A wolf simulacrum (IceCv)
  A hound skeleton (D:4)
  A howler monkey zombie (D:6)
  16 gnolls
  A howler monkey skeleton (D:4)
  A river rat (Sewer)
  6 adders
  A white imp (D:8)
  2 ufetubi
  An adder skeleton (D:4)
  3 worms
  2 dart slugs
  39 orcs
  9 endoplasms
  7 giant cockroaches
  8 goblins
  5 hobgoblins
  9 jackals
  13 kobolds
  9 quokkas
  5 ball pythons
  3 bats
  3 frilled lizards (D:1)
  10 rats
  A bush (Lair:3)
372 creatures vanquished.

Vanquished Creatures (others)
  A kobold brigand (Sewer)
  46 fulminant prisms
  34 fungi
  66 plants
147 creatures vanquished.

Grand Total: 519 creatures vanquished

Notes
Turn   | Place    | Note
-------+----------+-------------------------------------------
     0 | D:1      | Nixze the Octopode Conjurer began the quest for the Orb.
     0 | D:1      | Reached XP level 1. HP: 11/11 MP: 3/3
   216 | D:1      | Reached XP level 2. HP: 17/17 MP: 3/5
   251 | D:1      | Found a faded altar of an unknown god.
   628 | D:1      | Reached skill level 5 in Conjurations
   628 | D:1      | Reached XP level 3. HP: 15/21 MP: 2/6
   764 | D:1      | Found Yladyxor's Magic Scroll Shop.
  1482 | D:2      | Reached XP level 4. HP: 27/27 MP: 5/7
  2459 | D:3      | You fall into a shaft and drop 2 floors!
  2459 | D:5      | Entered Level 5 of the Dungeon
  2587 | D:3      | Reached skill level 6 in Conjurations
  2676 | D:3      | Noticed an angel
  2677 | D:3      | Found a shimmering altar of Xom.
  2677 | D:3      | Found a glowing silver altar of Zin.
  2734 | D:3      | Learned a level 2 spell: Searing Ray
  2909 | D:3      | Reached XP level 5. HP: 31/31 MP: 2/8
  2984 | D:3      | Found a shimmering blue altar of Sif Muna.
  2991 | D:3      | Became a worshipper of Sif Muna the Loreminder
  4297 | D:4      | Noticed a black bear
  4303 | D:4      | Killed a black bear
  4304 | D:4      | Reached XP level 6. HP: 36/36 MP: 5/11
  4698 | D:4      | Reached skill level 7 in Conjurations
  4754 | D:4      | Reached * piety under Sif Muna
  4761 | D:4      | Reached XP level 7. HP: 15/41 MP: 11/13
  5634 | D:4      | Found a glowing golden altar of the Shining One.
  6497 | D:5      | Learned a level 4 spell: Fulminant Prism
  6502 | D:5      | Learned a level 4 spell: Iskenderun's Mystic Blast
  6512 | D:5      | Reached skill level 5 in Spellcasting
  6574 | D:5      | Reached XP level 8. HP: 46/46 MP: 9/16
  6905 | D:5      | Reached skill level 8 in Conjurations
  7010 | D:5      | Got the Reference Book on Poisonous Clay
  8554 | D:5      | HP: 1/46 [ogre (28)]
  9017 | D:6      | Found a glowing drain.
  9078 | Sewer    | Entered a sewer
  9186 | Sewer    | Reached ** piety under Sif Muna
  9286 | Sewer    | Found a glowing silver altar of Zin.
  9398 | D:6      | Reached XP level 9. HP: 41/52 MP: 5/21
  9519 | D:6      | Reached skill level 1 in Fighting
  9893 | D:6      | Learned a level 3 spell: Mephitic Cloud
  9899 | D:6      | Learned a level 5 spell: Bolt of Magma
 10238 | D:6      | Noticed Prince Ribbit
 10253 | D:6      | Killed Prince Ribbit
 10254 | D:6      | Reached skill level 5 in Stealth
 10696 | D:7      | Found a staircase to the Ecumenical Temple.
 11266 | D:7      | Reached skill level 5 in Dodging
 11944 | D:8      | Reached skill level 5 in Fighting
 12045 | D:8      | Reached skill level 1 in Fire Magic
 12045 | D:8      | Reached skill level 1 in Earth Magic
 12099 | D:7      | Noticed a rust devil
 12099 | D:7      | Noticed a rust devil
 12179 | D:7      | Reached XP level 10. HP: 37/66 MP: 10/22
 12536 | D:8      | Found a snail-covered altar of Cheibriados.
 12655 | D:9      | Found a bloodstained altar of Trog.
 12737 | D:9      | Found an opulent altar of Gozag.
 12756 | D:9      | Noticed a two-headed ogre
 12798 | D:9      | You fall into a shaft and drop 1 floor!
 12798 | D:10     | Entered Level 10 of the Dungeon
 13173 | D:9      | Reached *** piety under Sif Muna
 13207 | D:9      | Found Foisyg's Magic Scroll Shop.
 13216 | D:9      | Bought a scroll of blinking for 82 gold pieces
 13216 | D:9      | Bought a scroll of identify for 22 gold pieces
 13216 | D:9      | Bought a scroll of identify for 22 gold pieces
 13216 | D:9      | Bought a scroll of teleportation for 33 gold pieces
 13343 | D:9      | Found a basalt altar of Yredelemnul.
 13378 | D:9      | Noticed a two-headed ogre
 13387 | D:9      | Killed a two-headed ogre
 13388 | D:9      | Reached skill level 5 in Earth Magic
 14011 | D:9      | Reached skill level 5 in Fire Magic
 14151 | D:9      | Killed a two-headed ogre
 15591 | D:10     | Reached XP level 11. HP: 62/71 MP: 10/23
 15798 | D:10     | Noticed a two-headed ogre
 15830 | D:10     | Killed a two-headed ogre
 16066 | D:10     | Found Pysu's Magic Scroll Boutique.
 16091 | D:10     | Noticed a two-headed ogre
 16216 | D:10     | Killed a two-headed ogre
 16629 | D:10     | Found a staircase to the Orcish Mines.
 16799 | D:10     | Reached skill level 1 in Shields
 16799 | D:10     | Reached skill level 1 in Evocations
 17064 | D:10     | Found a sparkling altar of Nemelex Xobeh.
 17071 | D:10     | Found a burning altar of Makhleb.
 17425 | D:11     | Noticed a tengu reaver
 17426 | D:11     | Found a runed translucent door.
 17426 | D:11     | Noticed TangoThomas's ghost (journeyman DrAK)
 17753 | D:11     | Noticed a cyclops
 18106 | D:11     | Killed a cyclops
 18305 | D:11     | Noticed a cyan ugly thing
 18333 | D:11     | Killed a cyan ugly thing
 18537 | D:11     | Found a staircase to the Lair.
 18707 | Lair:1   | Entered Level 1 of the Lair of Beasts
 18713 | Lair:1   | Learned a level 4 spell: Passage of Golubria
 18968 | Lair:1   | Noticed an eight-headed hydra
 18976 | Lair:1   | Killed an eight-headed hydra
 18977 | Lair:1   | Reached skill level 1 in Translocations
 19368 | Lair:1   | Reached **** piety under Sif Muna
 19494 | Lair:1   | Reached XP level 12. HP: 63/79 MP: 9/24
 20812 | Lair:2   | Noticed a four-headed hydra
 20815 | Lair:2   | Noticed an eight-headed hydra
 20817 | Lair:2   | Killed a four-headed hydra
 21170 | Lair:2   | Reached skill level 5 in Evocations
 21544 | Lair:2   | Noticed a boulder beetle
 21778 | Lair:2   | Reached skill level 5 in Shields
 21811 | Lair:2   | Killed an eight-headed hydra
 22650 | Lair:2   | Noticed a six-headed hydra
 22654 | Lair:2   | Killed a six-headed hydra
 22688 | Lair:2   | Reached skill level 5 in Translocations
 23171 | Lair:2   | Found the +2 robe of Vines {NoPotionHeal Regen+++}
 24325 | Lair:2   | Found a staircase to the Swamp.
 24441 | Lair:2   | Reached XP level 13. HP: 88/88 MP: 9/25
 24556 | Lair:3   | Reached skill level 9 in Conjurations
 27062 | Lair:4   | Found a shimmering altar of Xom.
 27123 | Lair:4   | Reached skill level 10 in Conjurations
 27863 | Lair:4   | Reached skill level 10 in Spellcasting
 28163 | Lair:4   | Noticed Nessos
 28611 | Orc:1    | Entered Level 1 of the Orcish Mines
 29129 | Orc:1    | Found a frozen archway.
 29178 | IceCv    | Entered an ice cave
 29549 | IceCv    | Learned a level 7 spell: Orb of Destruction
 30470 | IceCv    | Reached skill level 11 in Conjurations
 30547 | IceCv    | Reached skill level 1 in Invocations
 30719 | IceCv    | Demolished by an entropy weaver simulacrum

Illustrated notes

Levels and vault maps discovered:
D:1:      saegor_arrival_simple_c, layout_basic, serial_shops,
          nicolae_square_shop, hellmonk_ecumenical_altar_lost_god,
          hex_intersection
D:2:      layout_loops_corners
D:3:      layout_basic, general_overflow_altar,
          grunt_temple_overflow_order_and_chaos_1
D:4:      minmay_polygon_palace, layout_cave_pools, kennysheep_little_box,
          minmay_close_crescents
D:5:      wad_crossroads, layout_layer_cave, serial_bayou_crossing
D:6:      layout_basic, gup_sewer_entry_pipe, uniq_prince_ribbit1
D:7:      cheibrodos_iron_armory, layout_basic, temple_fountains
D:8:      layout_rooms, kennysheep_slug_shrine
D:9:      layout_irregular_city, marbit_many_paths, overflow_temple_1_default,
          kennysheep_mini, serial_shops, nicolae_shop_stone,
          chequers_decorated_corner, minmay_misc_feat_secret_circle
D:10:     layout_roguey, grunt_temple_overflow_open, erik_orc_2,
          nicolae_take_the_stairs
D:11:     layout_basic, ebering_ghost_inner_flame
Lair:1:   layout_regular_city
Lair:2:   layout_regular_city, nicolae_swamp_entry_splash_gauntlet,
          hellmonk_guarded_unrand_vines, minmay_lair_oklob_chamber,
          lemuel_fruit_tree, grunt_megastairs_3
Lair:3:   layout_chaotic_city, columned_hall_lemuel, minmay_lair_oklob_bushes,
          wad_woods_01
Lair:4:   layout_hall_layers, nicolae_spider_entry_non_spiders, basic_altar,
          grunt_megastairs_4, serial_bayou_shore_a, serial_bayou_shore_b,
          uniq_nessos
Orc:1:    layout_caves, portal_ice_cave_rime, bh_open_orc_temple, uniq_josephine
IceCv:    ice_cave_tombish

Skill      XL: |  1  2  3  4  5  6  7  8  9 10 11 12 13 |
---------------+----------------------------------------+-----
Conjurations   | 5 6 7 8 11 | 11.0
Spellcasting   | 3 4 5 8 10 | 10.6
Stealth        | 3 5 |  5.0
Fighting       | 5 6 8 |  8.0
Dodging        | 5 6 7 |  7.0
Fire Magic     | 2 6 8 |  8.0
Earth Magic    | 2 7 8 |  8.0
Shields        | 3 5 |  5.0
Evocations     | 3 5 |  5.0
Translocations | 2 5 |  5.0
Invocations    | 1 |  1.3

Action                   |  1- 3 |  4- 6 |  7- 9 | 10-12 | 13-15 || total
-------------------------+-------+-------+-------+-------+-------++-------
Melee: Unarmed           |    11 |       |       |       |       ||    11
       Tentacles         |     2 |     8 |     7 |     5 |     1 ||    23
       Constrict         |     2 |     7 |     7 |     4 |     1 ||    21
       Dagger            |       |     3 |       |       |       ||     3
       Whip              |       |    13 |    52 |    48 |     7 ||   120
       Rapier            |       |    13 |       |       |       ||    13
 Fire: Hand crossbow     |       |     2 |       |     7 |       ||     9
Throw: Dart              |       |       |    33 |    10 |       ||    43
       Throwing net      |       |       |     1 |       |       ||     1
 Cast: Magic Dart        |    61 |   123 |   198 |   257 |    76 ||   715
       Searing Ray       |       |     2 |    18 |    17 |       ||    37
       Fulminant Prism   |       |       |     2 |    38 |     6 ||    46
       Iskenderun's Myst |       |       |     3 |    12 |     2 ||    17
       Bolt of Magma     |       |       |       |   102 |   113 ||   215
       Mephitic Cloud    |       |       |       |    12 |       ||    12
       Passage of Golubr |       |       |       |     2 |     5 ||     7
Evoke: Wand              |       |       |       |     2 |       ||     2
  Use: Scroll            |       |       |     6 |    10 |     8 ||    24
       Potion            |       |       |       |     5 |       ||     5
 Stab: Sleeping          |       |     2 |       |       |       ||     2
Armor: Skin              |     1 |     1 |     7 |     4 |     1 ||    14
Dodge: Dodged            |    10 |    22 |    83 |    86 |    44 ||   245
Block: Other             |     4 |     5 |    34 |    34 |     2 ||    79
       Reflection        |     2 |       |     5 |     6 |       ||    13
       Buckler           |       |       |       |       |    21 ||    21
